[ AOE2 MATCH · #506304295 ]
UnrankedKoreans vs Huns
Player's team · LOSS
[ REPLAY ANALYSIS · EXTRACTED FROM THE RECORDED GAME ]
Feudal
10:32
Castle
—
Imperial
—
| APM avg | 48.7 |
| APM peak | 80 |
| eAPM avg | 20.1 |
| Villagers / military | 43 / 28 |
Focus
⚔️ 45.0% · 🌾 55.0%
Archer ×14 · Spearman ×12 · Skirmisher ×2
Feudal
10:33
Castle
15:02
Imperial
—
| APM avg | 54.5 |
| APM peak | 107 |
| eAPM avg | 21.7 |
| Villagers / military | 50 / 19 |
Focus
⚔️ 34.4% · 🌾 65.6%
Knight ×14 · Monk ×3 · Scout Cavalry ×2
Match map
Initial resources + every placement click. Lines = walls · curves = elevation contours. ◆ gold · ⬟ stone · ● berries · ✦ relic · ◌ wall gap
Your base· Open — unwalled flank
eduv's base· Open — unwalled flank
Smoothed initial terrain · ◌ = detected wall gap · hover for details
Inputs per minute
— DoN.Vergas - - eduv
Build order — DoN.Vergas
125 actions detected in the replay
| 0:00 | Create | Villager (Male) |
| 0:01 | Create | Villager (Male) |
| 0:01 | Create | Villager (Male) |
| 0:02 | Build | House |
| 0:04 | Build | House |
| 0:37 | Create | Villager (Male) |
| 0:38 | Create | Villager (Male) |
| 1:24 | Create | Villager (Male) |
| 1:25 | Create | Villager (Male) |
| 1:44 | Create | Villager (Male) |
| 1:46 | Build | Lumber Camp |
| 2:15 | Create | Villager (Male) |
| 2:34 | Create | Villager (Male) |
| 2:35 | Create | Villager (Male) |
| 2:53 | Create | Villager (Male) |
| 2:53 | Create | Villager (Male) |
| 3:01 | Build | House |
| 3:21 | Create | Villager (Male) |
| 3:50 | Create | Villager (Male) |
| 3:51 | Create | Villager (Male) |
| 4:46 | Create | Villager (Male) |
| 4:46 | Create | Villager (Male) |
| 4:57 | Create | Villager (Male) |
| 5:13 | Create | Villager (Male) |
| 5:42 | Create | Villager (Male) |
| 5:47 | Build | Mill |
| 5:52 | Create | Villager (Male) |
| 6:22 | Create | Villager (Male) |
| 6:26 | Build | House |
| 6:57 | Build | Mill |
| 7:19 | Build | Mining Camp |
| 7:39 | Research | Loom |
| 8:22 | Research | Feudal Age |
| 8:22 | Research | Feudal Age |
| 9:24 | Build | Barracks |
| 10:01 | Create | Villager (Male) |
| 10:26 | Build | House |
| 10:32 | Age | Feudal Age |
| 10:34 | Build | Archery Range |
| 10:34 | Create | Spearman |
| 10:39 | Create | Villager (Male) |
| 10:54 | Research | Double-Bit Axe |
| 10:55 | Create | Villager (Male) |
| 10:56 | Create | Spearman |
| 11:12 | Create | Villager (Male) |
| 11:26 | Create | Skirmisher |
| 11:27 | Create | Skirmisher |
| 11:36 | Create | Archer |
| 11:57 | Build | Watch Tower |
| 12:20 | Create | Villager (Male) |
| 12:22 | Build | House |
| 12:24 | Build | House |
| 12:56 | Create | Villager (Male) |
| 13:24 | Create | Villager (Male) |
| 13:35 | Create | Villager (Male) |
| 13:39 | Create | Archer |
| 13:40 | Create | Archer |
| 13:45 | Build | Mining Camp |
| 13:54 | Create | Spearman |
| 14:08 | Build | Farm |
| 14:10 | Build | Farm |
| 14:11 | Build | Farm |
| 14:13 | Build | Farm |
| 14:44 | Build | Farm |
| 15:12 | Create | Villager (Male) |
| 15:19 | Build | Farm |
| 15:20 | Build | Farm |
| 15:21 | Create | Archer |
| 15:21 | Create | Archer |
| 15:29 | Build | Watch Tower |
| 15:39 | Create | Villager (Male) |
| 15:40 | Create | Archer |
| 15:53 | Build | Farm |
| 16:04 | Build | Blacksmith |
| 16:06 | Build | House |
| 16:06 | Build | House |
| 16:30 | Create | Archer |
| 16:31 | Create | Spearman |
| 16:32 | Create | Spearman |
| 16:47 | Build | Farm |
| 16:48 | Build | Farm |
| 16:53 | Create | Archer |
| 16:54 | Create | Spearman |
| 17:03 | Build | House |
| 17:04 | Build | House |
| 17:05 | Build | House |
| 17:07 | Build | Palisade Wall |
| 17:32 | Create | Villager (Male) |
| 17:33 | Create | Archer |
| 17:33 | Create | Archer |
| 17:37 | Create | Spearman |
| 17:45 | Create | Archer |
| 17:45 | Create | Archer |
| 17:49 | Build | Farm |
| 17:50 | Build | Farm |
| 18:00 | Build | Watch Tower |
| 18:07 | Create | Spearman |
| 18:11 | Create | Villager (Male) |
| 18:22 | Build | Stone Wall |
| 18:24 | Build | Stone Wall |
| 18:44 | Create | Villager (Male) |
| 18:46 | Build | Farm |
| 18:49 | Create | Spearman |
| 18:59 | Build | Farm |
| 19:03 | Create | Villager (Male) |
| 19:24 | Create | Villager (Male) |
| 19:29 | Build | Market |
| 19:38 | Create | Archer |
| 19:43 | Build | Farm |
| 19:50 | Build | Farm |
| 20:08 | Research | Fletching |
| 20:09 | Create | Villager (Male) |
| 20:12 | Create | Spearman |
| 20:16 | Create | Archer |
| 20:27 | Build | Barracks |
| 20:37 | Create | Spearman |
| 20:39 | Create | Villager (Male) |
| 20:47 | Build | Farm |
| 20:59 | Research | Scale Mail Armor |
| 20:59 | Create | Villager (Male) |
| 21:00 | Create | Spearman |
| 21:51 | Create | Villager (Male) |
| 21:59 | Create | Villager (Male) |
| 22:59 | Research | Castle Age |
| 22:59 | Research | Castle Age |
Build order — eduv
118 actions detected in the replay
| 0:01 | Create | Villager (Male) |
| 0:02 | Create | Villager (Male) |
| 0:14 | Create | Villager (Male) |
| 0:15 | Create | Villager (Male) |
| 0:15 | Create | Villager (Male) |
| 1:33 | Create | Villager (Male) |
| 1:33 | Create | Villager (Male) |
| 1:59 | Create | Villager (Male) |
| 1:59 | Create | Villager (Male) |
| 2:24 | Create | Villager (Male) |
| 2:24 | Create | Villager (Male) |
| 2:58 | Create | Villager (Male) |
| 2:58 | Create | Villager (Male) |
| 3:18 | Create | Villager (Male) |
| 3:18 | Create | Villager (Male) |
| 4:03 | Create | Villager (Male) |
| 4:07 | Create | Villager (Male) |
| 4:07 | Create | Villager (Male) |
| 4:07 | Create | Villager (Male) |
| 4:59 | Create | Villager (Male) |
| 5:00 | Create | Villager (Male) |
| 5:00 | Create | Villager (Male) |
| 5:02 | Create | Villager (Male) |
| 5:02 | Create | Villager (Male) |
| 5:25 | Create | Villager (Male) |
| 5:25 | Create | Villager (Male) |
| 6:09 | Build | Lumber Camp |
| 6:29 | Create | Villager (Male) |
| 6:30 | Create | Villager (Male) |
| 6:43 | Build | Palisade Wall |
| 6:47 | Build | Palisade Wall |
| 7:04 | Create | Villager (Male) |
| 7:04 | Create | Villager (Male) |
| 7:13 | Build | Mill |
| 7:51 | Build | Palisade Wall |
| 7:53 | Build | Palisade Wall |
| 8:05 | Research | Feudal Age |
| 8:14 | Build | Mill |
| 9:58 | Research | Loom |
| 9:59 | Create | Villager (Male) |
| 10:33 | Age | Feudal Age |
| 10:43 | Create | Villager (Male) |
| 10:45 | Build | Market |
| 10:47 | Build | Palisade Wall |
| 10:51 | Build | Blacksmith |
| 11:41 | Build | Mining Camp |
| 12:22 | Research | Castle Age |
| 12:22 | Research | Castle Age |
| 13:46 | Build | Farm |
| 13:47 | Build | Farm |
| 13:53 | Build | Mining Camp |
| 14:07 | Build | Barracks |
| 14:17 | Create | Villager (Male) |
| 14:56 | Build | Stable |
| 15:01 | Create | Villager (Male) |
| 15:02 | Age | Castle Age |
| 15:02 | Research | Double-Bit Axe |
| 15:23 | Build | Farm |
| 15:28 | Create | Scout Cavalry |
| 15:28 | Create | Scout Cavalry |
| 15:34 | Create | Knight |
| 15:34 | Create | Knight |
| 15:36 | Build | Farm |
| 15:39 | Build | Farm |
| 15:50 | Build | Farm |
| 15:53 | Create | Villager (Male) |
| 16:30 | Create | Knight |
| 16:30 | Create | Knight |
| 16:33 | Build | Farm |
| 16:37 | Build | Farm |
| 16:44 | Create | Knight |
| 16:56 | Build | Farm |
| 17:07 | Create | Villager (Male) |
| 17:09 | Build | Farm |
| 17:39 | Create | Villager (Male) |
| 17:41 | Build | Monastery |
| 17:45 | Create | Knight |
| 17:45 | Create | Knight |
| 18:04 | Create | Villager (Male) |
| 18:08 | Build | Farm |
| 18:08 | Build | Farm |
| 18:16 | Create | Knight |
| 18:16 | Create | Knight |
| 18:29 | Create | Monk |
| 18:36 | Create | Villager (Male) |
| 18:36 | Create | Villager (Male) |
| 18:50 | Build | Farm |
| 18:51 | Build | Farm |
| 18:53 | Create | Knight |
| 18:59 | Create | Villager (Male) |
| 18:59 | Create | Villager (Male) |
| 19:14 | Create | Villager (Male) |
| 19:14 | Create | Villager (Male) |
| 19:29 | Research | Scale Barding Armor |
| 19:29 | Research | Scale Barding Armor |
| 19:58 | Create | Villager (Male) |
| 20:01 | Research | Horse Collar |
| 20:02 | Research | Horse Collar |
| 20:10 | Create | Monk |
| 20:33 | Create | Knight |
| 20:34 | Create | Villager (Male) |
| 20:41 | Build | Farm |
| 20:42 | Build | Farm |
| 20:43 | Build | Farm |
| 20:44 | Build | Farm |
| 20:53 | Create | Villager (Male) |
| 20:58 | Create | Monk |
| 21:06 | Build | Mining Camp |
| 21:25 | Create | Knight |
| 21:25 | Create | Villager (Male) |
| 22:07 | Create | Knight |
| 22:09 | Build | Farm |
| 22:11 | Build | Farm |
| 22:11 | Create | Villager (Male) |
| 22:15 | Create | Knight |
| 23:00 | Create | Villager (Male) |
| 23:04 | Build | Farm |
| 23:05 | Build | Farm |
Match timeline
| 6:43 | eduv · wall_segment Palisade Wall x3 |
| 6:47 | eduv · wall_segment Palisade Wall x5 |
| 7:51 | eduv · wall_segment Palisade Wall x8 |
| 7:53 | eduv · wall_segment Palisade Wall x2 |
| 9:24 | DoN.Vergas · first_building Barracks |
| 10:32 | DoN.Vergas · age_up feudal |
| 10:33 | eduv · age_up feudal |
| 10:34 | DoN.Vergas · first_building Archery Range |
| 10:47 | eduv · wall_segment Palisade Wall x1 |
| 11:27 | eduv · first_market_sell 100 stone |
| 14:07 | eduv · first_building Barracks |
| 14:56 | eduv · first_building Stable |
| 15:02 | eduv · age_up castle |
| 17:07 | DoN.Vergas · wall_segment Palisade Wall x2 |
| 17:41 | eduv · first_building Monastery |
| 18:22 | DoN.Vergas · wall_segment Stone Wall x1 |
| 18:24 | DoN.Vergas · wall_segment Stone Wall x1 |
| 19:28 | eduv · first_market_buy 100 food |
| 20:52 | DoN.Vergas · first_market_buy 500 food |
| 22:15 | DoN.Vergas · first_market_sell 100 wood |
| 23:07 | DoN.Vergas · resign |
[ AI ANALYSIS · 1 CREDIT ]
What really happened in this match?
Wolo.gg analyzes every decision: build order, eco, micro, common mistakes by bracket. Personalized analysis on WhatsApp or Discord in 30 seconds.
Civ guide
Koreans
Perfil
DoN.Vergas